 Dungeon Sprint DCSS version 0.31-a0-1-g4198be8af4 (webtiles) character file.

Game seed: 13455069653243191947

170 sircluck the Destroyer (level 5, -1/21 HPs)
             Began as a Felid Conjurer on May 2, 2023.
             Slain by a shadow (3 damage)
             ... in the Dungeon (Sprint III: "The Ten Rune Challenge").
             The game lasted 00:02:32 (584 turns).

sircluck the Destroyer (Felid Conjurer)              Turns: 584, Time: 00:02:33

Health: -1/21      AC:  1    Str:  3    XL:     5   Next: 26%
Magic:  2/12       EV: 19    Int: 21    God:
Gold:   17         SH:  0    Dex: 15    Spells: 11/12 levels left
                                        Lives:  0   Deaths: 1

rFire   . .          .
                       - Unarmed
rCold   . . .        (shield unavailable)
rNeg    . . .        (body armour unavailable)
rPois   .            (helmet unavailable)
rElec   .            (cloak unavailable)
rCorr   .            (gloves unavailable)
SInv    +            (boots unavailable)
Will    .....        (no amulet)
Stlth   +++          (no ring)
HPRegen 0.23/turn    (no ring)
MPRegen 0.13/turn

%: no teleportation
@: quick
A: very small, claws 1, fangs 3, see invisible, speed 1, shaggy fur 1, stealthy
paws, no weapons or thrown items, no armour, multi-lived
a: no special abilities


You were in the Dungeon.
You visited 1 branch You collected 17 gold pieces.

Inventory:

Wands
 f - a wand of flame (13)
Scrolls
 i - a scroll of immolation {unknown}
 j - 3 scrolls of identify
 l - a scroll of poison {unknown}
Potions
 a - 3 potions of magic
 b - 2 potions of curing
 c - a potion of heal wounds
 d - a potion of haste
 e - 3 potions of mutation {unknown}
 g - a potion of attraction {unknown}
 h - a potion of brilliance {unknown}
 k - 2 potions of flight


   Skills:
 + Level 0.3 Fighting
 + Level 5.8 Dodging
 + Level 5.8 Stealth
 + Level 3.7 Unarmed Combat
 + Level 4.4 Spellcasting
 + Level 9.4 Conjurations


You had 11 spell levels left.
You knew the following spells:

 Your Spells              Type           Power      Damage    Failure   Level
a - Magic Dart            Conj           100%       1d8       1%          1

Your spell library contained the following spells:

 Spells                   Type           Power      Damage    Failure   Level
 Searing Ray              Conj           88%        2d7       1%          2
 Dazzling Flash           Conj/Hex       48%        N/A       4%          3
 Mephitic Cloud           Conj/Pois/Air  17%        N/A       10%         3
 Fulminant Prism          Conj/Hex       12%        3d9       16%         4
 Iskenderun's Mystic Bla  Conj/Tloc      24%        2d7       16%         4
 Poisonous Vapours        Pois/Air       8%         N/A       17%         2
 Frozen Ramparts          Ice            8%         1d2       34%         3
 Freezing Cloud           Conj/Ice/Air   8%         6-21      65%         5
 Ice Form                 Ice/Tmut       4%         N/A       75%         4
 Summon Ice Beast         Ice/Summ       4%         N/A       75%         4


Dungeon Overview and Level Annotations

Branches:
Dungeon (1/1)

Altars:
Dithmenos
Elyvilon
Kikubaaqudgha
Ru
Sif Muna
Vehumet
Yredelemnul
Zin
The Shining One


Innate Abilities, Weirdness & Mutations

You have sharp claws.
You have razor-sharp teeth.
You have supernaturally acute eyesight. (SInv)
You cover ground quickly. (Speed+)
You are covered in fur. (AC +1)
Your paws help you pounce on unaware monsters.
You are incapable of wielding weapons or throwing items.
You cannot wear armour.
You gain extra lives every three experience levels.


Message History

The shadow is lightly damaged.
The magic dart hits the shadow.
The shadow is heavily damaged.
The shadow closely misses you.
The magic dart hits the shadow but does no damage.
The shadow is heavily damaged.
The shadow closely misses you.
The magic dart hits the shadow but does no damage.
The shadow is moderately damaged.
The shadow completely misses you.
The magic dart hits the shadow.
The shadow is heavily damaged.
The shadow hits you!
The magic dart hits the shadow but does no damage.
The shadow is heavily damaged.
The shadow closely misses you.
The magic dart hits the shadow but does no damage.
The shadow is moderately damaged.
The shadow barely misses you.
The magic dart hits the shadow but does no damage.
The shadow is moderately damaged.
The shadow closely misses you.
You scratch the shadow. Your bite misses the shadow.
The shadow is heavily damaged.
The shadow closely misses you.
You scratch the shadow.
The shadow is heavily damaged.
The shadow closely misses you.
You barely miss the shadow.
The shadow is heavily damaged.
The shadow hits you!
Ouch! That really hurt!
* * * LOW HITPOINT WARNING * * *
Aiming: Throw Flame
Press: ? - help, Q - select action, (/) - cycle Shift-Dir - straight line, f/p - shadow
Aim: a shadow (heavily damaged, 68% to hit)
The puff of flame hits the shadow.
The shadow is heavily damaged.
The shadow hits you.
You die...

▓▓▓ ♣♣ ♣.#####
#### .♣ ♣.#___#
#__# ♣♣ ♣.# ..#
#._#
♣♣♣♣♣.###+#+###)##
♣...♣.#..........#
~.♣♣♣.'.⌠.......@#
~~~♣..#.).######W#
~~....#)⌠.# #...#
~.....#...# #...#
......#'### #...#
......#†..# #...+
......#___# +...#
▓▓▓▓▓▓▓▓▓▓▓ ▓▓▓▓▓


You could see a shadow.

Vanquished Creatures
  A water elemental (D)
  A necrophage (D)
  A jelly (D)
  Jessica (D)
  A wizard (D)
  A necromancer (D)
  A human (D)
  A kobold demonologist (D)
  A phantom (D)
  2 rats (D)
11 creatures vanquished.

Notes
Turn   | Place    | Note
-------+----------+-------------------------------------------
     0 | D        | sircluck the Felid Conjurer began the quest for the Orb.
     0 | D        | Reached XP level 1. HP: 7/7 MP: 4/4
    13 | D        | Noticed Jessica
    20 | D        | Killed Jessica
    21 | D        | Reached skill level 5 in Conjurations
    21 | D        | Reached XP level 2. HP: 11/11 MP: 6/6
    63 | D        | Reached skill level 1 in Unarmed Combat
    63 | D        | Reached skill level 6 in Conjurations
    63 | D        | Reached XP level 3. HP: 14/14 MP: 1/7
   218 | D        | Noticed a water elemental
   245 | D        | Killed a water elemental
   246 | D        | Reached skill level 5 in Stealth
   246 | D        | Reached skill level 7 in Conjurations
   246 | D        | Reached XP level 4. HP: 4/18 MP: 1/9
   336 | D        | Found a glowing silver altar of Zin.
   336 | D        | Found a glowing golden altar of the Shining One.
   336 | D        | Found a white marble altar of Elyvilon.
   344 | D        | Found a basalt altar of Yredelemnul.
   344 | D        | Found a shadowy altar of Dithmenos.
   344 | D        | Found a sacrificial altar of Ru.
   344 | D        | Noticed a necrophage
   348 | D        | Reached skill level 8 in Conjurations
   369 | D        | Killed a necrophage
   370 | D        | Reached skill level 5 in Dodging
   370 | D        | Reached XP level 5. HP: 17/21 MP: 1/11
   379 | D        | Found a radiant altar of Vehumet.
   379 | D        | Found a shimmering blue altar of Sif Muna.
   379 | D        | Found an ancient bone altar of Kikubaaqudgha.
   457 | D        | Noticed a soul eater
   460 | D        | HP: 1/30 [ufetubus[a kobold demonologist] (4)]
   462 | D        | Demolished by a soul eater
   463 | D        | Reached XP level 4. HP: -15/25 MP: 5/10
   464 | D        | Noticed a ynoxinul
   475 | D        | Killed a wizard
   476 | D        | Reached skill level 9 in Conjurations
   481 | D        | Reached XP level 5. HP: 7/21 MP: 7/12
   570 | D        | Noticed a shadow
   583 | D        | HP: 1/21 [shadow (11)]
   584 | D        | Slain by a shadow

Illustrated notes

Levels and vault maps discovered:
D:        dungeon_sprint_mu [sprint_mu_entry_forest, sprint_mu_temple_rooms,
          sprint_mu_d1_horrors, sprint_mu_d2_genie, sprint_mu_d3_branching,
          sprint_mu_orc_legion, sprint_mu_elf_gauntlet, sprint_mu_hive_nellie,
          sprint_mu_lair_fedhas, sprint_mu_vaults_butterflies,
          sprint_mu_slime_circle, sprint_mu_swamp_cave, sprint_mu_shoals_archi,
          sprint_mu_blade_basic, sprint_mu_crypt_chambers,
          sprint_mu_tomb_spiral, sprint_mu_vestibule_basic,
          sprint_mu_gehenna_hellfire, sprint_mu_dis_giant,
          sprint_mu_tartarus_statrot, sprint_mu_cocytus_islands, sprint_mu_zot1]

Skill      XL: |  1  2  3  4 |
---------------+-------------+-----
Stealth        | 4 5 |  5.8
Dodging        | 3 4 5 |  5.8
Conjurations   | 5 6 7 9 |  9.4
Unarmed Combat | 1 2 3 |  3.7
Spellcasting   | 3 4 |  4.4
Fighting       | |  0.3

Action                     |  1- 3 |  4- 6 || total
---------------------------+-------+-------++-------
  Melee: Unarmed           |    28 |     9 ||    37
         Bite              |     4 |       ||     4
   Cast: Magic Dart        |    16 |    34 ||    50
  Evoke: Wand              |       |     1 ||     1
    Use: Potion            |     1 |     1 ||     2
         Scroll            |       |     1 ||     1
   Stab: Sleeping          |     1 |       ||     1
 Armour: Skin              |       |     1 ||     1
  Dodge: Dodged            |    23 |    37 ||    60

Table legend: (Time is in decaauts)
 A = Elapsed time spent in this place.
 B = Non-inter-level travel time spent in this place.
 C = Inter-level travel time spent in this place.
 D = Time resting spent in this place.
 E = Time spent auto-exploring this place.
 F = Levels seen in this place.
 G = Mean time per level.
                   A        B        C        D        E       F      G
               +--------+--------+--------+--------+--------+-----+--------+
         Total |    554 |    546 |      8 |    168 |    203 |   1 |  554.0 |
       Dungeon |    554 |    546 |      8 |    168 |    203 |   1 |  554.0 |
               +--------+--------+--------+--------+--------+-----+--------+

Top non-repeatable levels by time:
       D: 554 daAuts
